 Dungeon Crawl Stone Soup version 0.29.1-15-g9cfb28693d (webtiles) character file.

Game seed: 12891847575052055034

67732 javelincjr the Thaumaturge (level 15, 0/104 (105) HPs)
             Began as a Gnoll Summoner on Apr 11, 2023.
             Was the Champion of Hepliaklqana.
             Slain by a sixfirhy (12 damage)
             ... summoned by an orc sorcerer
             ... on level 2 of the Orcish Mines.
             The game lasted 02:44:56 (20769 turns).

javelincjr the Thaumaturge (Gnoll Summoner)        Turns: 20769, Time: 02:44:57

HP:   0/104 (105)   AC: 16    Str: 10    XL:     15   Next: 24%
MP:   7/30          EV: 18    Int: 19    God:    Hepliaklqana [******]
Gold: 1375          SH:  8    Dex: 13    Spells: 5/36 levels left

rFire   . . .      SeeInvis +   B - +4 short sword (drain)
rCold   + . .      Faith    .   R - +0 buckler
rNeg    . . .      Spirit   .   U - +1 troll leather armour
rPois   .          Reflect  .   z - +2 hat
rElec   .          Harm     .   p - +1 cloak
rCorr   .          Rampage  .   F - +2 pair of gloves
Will    +....                   (no boots)
Stlth   ++++......              c - amulet of magic regeneration
HPRegen 1.07/turn               w - ring of wizardry
MPRegen 0.62/turn               l - ring of the Octopus King {rC+ HP+2 AC+2 EV+2 SH+2}

@: lightly drained
A: reduced essence, fangs 1, strong nose, distributed training, antennae 1, see
invisible
a: Renounce Religion, Recall Ancestor, Ancestor Identity, Transference, Idealise


You were on level 2 of the Orcish Mines.
You worshipped Hepliaklqana.
Hepliaklqana was exalted by your worship.
You visited 4 branches of the dungeon, and saw 21 of its levels.
You also visited: Sewer and Ice Cave.

You collected 1375 gold pieces.

Inventory:

Hand Weapons
 k - a +2 quarterstaff of distortion
 y - a +2 hand axe of distortion
 B - a +4 short sword of draining (weapon)
 V - a +1 arbalest of flaming
Armour
 p - a +1 cloak (worn)
 z - a +2 hat (worn)
 F - a +2 pair of gloves (worn)
 R - a +0 buckler (worn)
 U - a +1 troll leather armour (worn)
Jewellery
 c - an amulet of magic regeneration (around neck)
 e - an amulet of regeneration
 h - a ring of see invisible
 l - a ring of the Octopus King (right hand) {rC+ HP+2 AC+2 EV+2 SH+2}
   (You found it on level 5 of the Lair of Beasts)

   [ring of protection from cold]

   AC:        It affects your AC (+2).
   EV:        It affects your evasion (+2).
   rC:        It protects you from cold.
   HP:        It affects your health (+2).
   SH:        It affects your SH (+2).
 m - an amulet of reflection
 w - a ring of wizardry (left hand)
 P - a +4 ring of protection
Wands
 a - a wand of polymorph (15)
 g - a wand of roots (17)
 u - a wand of flame (36)
 J - a wand of paralysis (15)
 K - a wand of acid (17)
 S - a wand of mindburst (9)
Scrolls
 d - 3 scrolls of fog
 f - 9 scrolls of teleportation
 n - 3 scrolls of silence
 o - 3 scrolls of blinking
 t - a scroll of enchant armour
 v - 5 scrolls of identify
 G - 5 scrolls of magic mapping
 X - 3 scrolls of amnesia
Potions
 b - 2 potions of magic
 i - 6 potions of brilliance
 j - 11 potions of curing
 q - 3 potions of lignification
 r - 4 potions of ambrosia
 s - 5 potions of might
 x - 4 potions of mutation
 C - 5 potions of flight
 E - 5 potions of haste
 I - 4 potions of cancellation
 Z - a potion of invisibility


   Skills:
 + Level 10.3 Fighting
 + Level 10.3 Short Blades
 + Level 10.3 Long Blades
 + Level 10.3 Axes
 + Level 10.3 Maces & Flails
 + Level 10.3 Polearms
 + Level 10.3 Staves
 + Level 10.3 Ranged Weapons
 + Level 10.3 Throwing
 + Level 10.3 Armour
 + Level 11.2 Dodging
 + Level 11.1 Stealth
 + Level 10.3 Shields
 + Level 10.3 Unarmed Combat
 + Level 11.4 Spellcasting
 + Level 8.6 Conjurations
 + Level 8.6 Hexes
 + Level 11.2 Summonings
 + Level 8.6 Necromancy
 + Level 8.6 Translocations
 + Level 8.6 Transmutations
 + Level 8.6 Fire Magic
 + Level 8.6 Ice Magic
 + Level 8.6 Air Magic
 + Level 8.6 Earth Magic
 + Level 8.6 Poison Magic
 + Level 11.2 Invocations
 + Level 10.3 Evocations


You had 5 spell levels left.
You knew the following spells:

 Your Spells              Type           Power      Damage    Failure   Level
a - Summon Lightning Spi  Summ/Air       48%        N/A       1%          4
b - Call Imp              Summ           52%        N/A       1%          2
c - Call Canine Familiar  Summ           52%        N/A       1%          3
d - Summon Guardian Gole  Hex/Summ       48%        N/A       1%          3
e - Tukima's Dance        Hex            43%        N/A       1%          3
f - Portal Projectile     Hex/Tloc       86%        N/A       1%          3
g - Blink                 Tloc           86%        N/A       1%          2
h - Manifold Assault      Tloc           43%        N/A       3%          5
i - Simulacrum            Ice/Necr       21%        N/A       16%         6

Your spell library contained the following spells:

 Spells                   Type           Power      Damage    Failure   Level
 Sandblast                Erth           86%        2d18      1%          1
 Slow                     Hex            100%       N/A       1%          1
 Sting                    Tmut/Pois      100%       1d8       1%          1
 Summon Small Mammal      Summ           100%       N/A       1%          1
 Passwall                 Tmut/Erth      35%        N/A       1%          2
 Poisonous Vapours        Pois/Air       86%        N/A       1%          2
 Static Discharge         Conj/Air       43%        3-9/arc   1%          2
 Confusing Touch          Hex            43%        N/A       1%          3
 Dazzling Flash           Conj/Hex       86%        N/A       1%          3
 Gell's Gravitas          Tloc           43%        N/A       1%          3
 Lesser Beckoning         Tloc           43%        N/A       1%          3
 Stone Arrow              Conj/Erth      86%        3d12      1%          3
 Teleport Other           Tloc           43%        N/A       1%          3
 Vampiric Draining        Necr           43%        2d9       1%          3
 Iskenderun's Mystic Bla  Conj/Tloc      43%        2d10      1%          4
 Olgreb's Toxic Radiance  Pois           43%        N/A       1%          4
 Passage of Golubria      Tloc           43%        N/A       1%          4
 Blade Hands              Tmut           21%        N/A       3%          5
 Freezing Cloud           Conj/Ice/Air   21%        6-21      3%          5
 Lightning Bolt           Conj/Air       21%        1d36      3%          5
 Yara's Violent Unravell  Hex/Tmut       21%        3d10      3%          5
 Starburst                Conj/Fire      21%        6d7       16%         6
 Storm Form               Tmut/Air       21%        N/A       65%         7
 Maxwell's Capacitive Co  Air            21%        ∞         99%         8
 Polar Vortex             Ice            21%        N/A       100%        9


Dungeon Overview and Level Annotations

Branches:
Dungeon (13/15)            Temple (1/1) D:4            Lair (5/5) D:8
 Shoals (0/4) Lair:2        Snake (0/4) Lair:2        Slime (0/5) Lair:4
    Orc (2/2) D:11         Vaults (0/5) D:13          Sewer (visited)
  IceCv (visited)
    Elf: Orc:2

Altars:
Ashenzari
Cheibriados
Dithmenos
Elyvilon
Gozag
Hepliaklqana
Kikubaaqudgha
Makhleb
Nemelex Xobeh
Okawaru
Qazlal
Ru
Sif Muna
Trog
Uskayaw
Vehumet
Wu Jian
Xom
Yredelemnul
Zin
The Shining One

Shops:
D:11 *   Orc:2 (


Innate Abilities, Weirdness & Mutations

Your life essence is reduced to manifest your ancestor. (-10% HP)
You have very sharp teeth.
Your uncanny sense of smell can sniff out nearby items.
Your experience applies equally to all skills.
You have a pair of small antennae on your head.
You have supernaturally acute eyesight. (SInv)


Message History

The orc warrior hits you from afar with a +0 trident!
The orc knight hits Synnove with a +0 glaive!!
Synnove hits the orc knight with a +0 quarterstaff!!
Your lightning spire shoots out a bolt of lightning at the orc warlord!
The bolt of electricity hits the orc warrior!
The bolt of electricity hits the orc warlord!
The orc warrior throws a boomerang.
The boomerang hits your orc warrior simulacrum!
Your orc warrior simulacrum vaporises!
The orc warrior hits you from afar with a +0 trident!
The orc knight hits Synnove with a +0 glaive!!
Synnove is destroyed!
The orc warlord roars a battlecry!
The orc warrior no longer looks unusually strong.
A nearby fungus withers and dies.
The orc warrior hits you from afar with a +0 trident!
The sixfirhy hits you but does no damage.
Your lightning spire shoots out a bolt of lightning at the orc warlord!
The bolt of electricity hits the orc warrior!
The bolt of electricity hits the orc warlord!
An orc warrior comes into view. It is wielding a +0 trident.
An orc wizard comes into view. It is wielding a +0 dagger.
The orc knight is engulfed in freezing vapours.
The orc knight roars a battlecry!
The orc warrior goes into a battle-frenzy!
The orc warrior no longer looks unusually strong.
The orc knight no longer looks unusually strong.
The sixfirhy hits you. The sixfirhy shocks you!
The sixfirhy hits you but does no damage. x2
The sixfirhy hits you.
* * * LOW HITPOINT WARNING * * *
The sixfirhy shocks you!
* * * LOW HITPOINT WARNING * * *
The orc warrior hits your lightning spire from afar with a +0 trident!
You can move again.
The sixfirhy hits you but does no damage.
The sixfirhy hits you!
* * * LOW HITPOINT WARNING * * *
The sixfirhy shocks you!
You die...

..# ..# . ..
..# o. .. ....
... #. .....
....##.###o....
........#8.....
.........o.....
#.@3oo....
#..§oo#... ∆
#..§.§oT...
..#.##☼o....
..... .o....
....... ......
... ... ....∩
....... .....


You could see an orc warlord (strong, distracted, ally target), 2 orc knights, a
troll (drained), a sixfirhy (summoned), an orc sorcerer (strong), 4 orc
warriors, an orc wizard (wandering), an orc (strong) and a friendly lightning
spire (summoned).

Vanquished Creatures
  A yaktaur captain (D:13)
  A boulder beetle (D:13)
  5 hydras
  Erolcha (D:13)
  A merfolk avatar (Lair:5)
  A catoblepas (Lair:3)
  A fire crab (Lair:4)
  A sea snake (Lair:5)
  An ugly thing (D:13)
  A manticore (D:13)
  2 cyclopes (D:13)
  2 elephants
  An ice statue (IceCv)
  3 black mambas
  A kobold demonologist (D:13)
  A rime drake (Lair:3)
  A red devil (D:13)
  A polar bear (Lair:5)
  3 trolls
  3 blink frogs
  A slime creature (D:12)
  3 dream sheep (Lair:4)
  A shadow (D:10)
  2 wyverns
  5 yaks
  A vampire mosquito (D:12)
  2 basilisks
  4 water moccasins
  3 orc warriors
  2 ogres
  A centaur (Lair:2)
  4 wolves
  A kobold brigand (D:7)
  4 bullfrogs
  A scorpion (D:8)
  A necrophage (D:4)
  A killer bee (D:10)
  A howler monkey (D:11)
  An electric eel (Lair:2)
  3 hounds
  A jelly (D:5)
  4 orc priests
  A bullfrog skeleton (D:3)
  An iguana (D:5)
  An orc wizard (D:9)
  3 adders
  A white imp (D:8)
  7 orcs
  3 endoplasms
  2 giant cockroaches
  4 goblins
  2 hobgoblins
  7 kobolds
  2 quokkas (D:4)
  4 ball pythons
  A bat (D:2)
  2 frilled lizards (D:2)
  2 rats (Sewer)
122 creatures vanquished.

Vanquished Creatures (collateral kills)
  Fannar (Lair:3)
  A boulder beetle (Lair:5)
  Erica (D:8)
  A catoblepas (Lair:4)
  4 hydras
  2 two-headed ogres (D:11)
  Sonja (Lair:3)
  Amaemon (Lair:3)
  Lodul (D:12)
  A sea snake (Lair:5)
  A lindwurm (Lair:4)
  A harpy (Lair:5)
  A deep elf pyromancer (D:13)
  2 cyclopes
  An ugly thing (D:11)
  2 slime creatures (D:12)
  14 elephants
  4 black mambas
  Maurice (D:10)
  A rust devil (D:13)
  An orange demon (Lair:3)
  5 cane toads
  A torpor snail (Lair:5)
  Psyche (D:8)
  6 kobold demonologists
  5 rime drakes
  2 yaktaurs (D:13)
  A freezing wraith (IceCv)
  A hellwing (D:13)
  An anaconda simulacrum (IceCv)
  2 ice devils (D:13)
  7 komodo dragons
  A red devil (D:13)
  A meliai (shapeshifter) (D:13)
  2 hornets
  A troll (Orc:1)
  3 polar bears (Lair:5)
  A wind drake (Lair:5)
  5 blink frogs
  3 dream sheep (Lair:4)
  4 shadows
  A wraith (D:13)
  3 wyverns
  A vampire (D:13)
  18 yaks
  A steam dragon (Lair:5)
  2 basilisks
  A death yak simulacrum (IceCv)
  3 nagas (Lair:2)
  4 vampire mosquitoes
  An acid dragon (D:11)
  8 water moccasins
  3 orc warriors
  An ice beast (D:8)
  6 ogres
  The ghost of Dillmonsterx101 the Covered, an amateur MiFi (D:3)
  A black bear (D:3)
  A sky beast (D:6)
  20 wolves
  4 centaurs
  A nameless horror (D:12)
  7 kobold brigands
  4 bullfrogs
  A necrophage (D:7)
  9 wights
  A cane toad simulacrum (IceCv)
  7 killer bees
  An elephant simulacrum (Lair:3)
  2 howler monkeys
  2 centaur zombies (D:3)
  A jelly (D:4)
  8 orc priests
  2 hounds (D:6)
  2 iguanas
  4 orc wizards
  A polar bear simulacrum (IceCv)
  A killer bee zombie (D:3)
  3 wolf simulacra
  8 gnolls
  7 adders
  A white imp (D:6)
  5 worms
  3 dart slugs
  30 orcs
  6 ball pythons
  4 bats
  5 endoplasms
  4 giant cockroaches
  4 goblins
  5 hobgoblins
  6 quokkas
  2 frilled lizards (D:3)
  18 kobolds
  4 rats
345 creatures vanquished.

Vanquished Creatures (others)
  A blizzard demon (D:13)
  A hydra (D:12)
  A two-headed ogre (D:12)
  A deep elf pyromancer (D:12)
  Pikel (D:5)
  A cyclops (D:11)
  A manticore (Lair:5)
  An ugly thing (IceCv)
  An elephant (Lair:5)
  An ice statue (IceCv)
  The ghost of sigtrap the Skirmisher, a novice GnHu of Qazlal (D:4)
  2 komodo dragons
  Prince Ribbit (D:7)
  A hornet (D:7)
  A wind drake (Lair:5)
  A tarantella (shapeshifter) (D:13)
  A blink frog (Lair:3)
  2 wyverns (D:8)
  10 yaks
  A vampire mosquito (D:12)
  A warg (D:11)
  A water moccasin (D:8)
  An orc warrior (Orc:1)
  A sky beast (D:6)
  An ogre (D:12)
  2 wolves
  A centaur (D:7)
  A bullfrog (D:7)
  A killer bee (D:9)
  An electric eel (D:13)
  20 battlemagi
  An orc (Orc:1)
  2 ancestors
  A kobold (D:9)
  A bush (Lair:5)
  48 fungi
  98 plants
213 creatures vanquished.

Grand Total: 680 creatures vanquished

Notes
Turn   | Place    | Note
-------+----------+-------------------------------------------
     0 | D:1      | javelincjr the Gnoll Summoner began the quest for the Orb.
     0 | D:1      | Reached XP level 1. HP: 13/13 MP: 6/6
   166 | D:1      | Found a faded altar of an unknown god.
   175 | D:1      | Prayed at the altar of an unknown god.
   175 | D:1      | Became a worshipper of Hepliaklqana the Forgotten
   175 | D:1      | Reached * piety under Hepliaklqana
   229 | D:1      | Reached XP level 2. HP: 11/17 MP: 5/7
  1017 | D:1      | Reached skill level 5 in Spellcasting
  1017 | D:1      | Reached XP level 3. HP: 16/22 MP: 5/9
  1020 | D:1      | Learned a level 2 spell: Call Imp
  1277 | D:2      | Learned a level 3 spell: Call Canine Familiar
  1281 | D:2      | Learned a level 3 spell: Summon Guardian Golem
  1347 | D:2      | Reached skill level 1 in Invocations
  1352 | D:2      | Reached skill level 1 in Fighting
  1352 | D:2      | Reached skill level 1 in Short Blades
  1352 | D:2      | Reached skill level 1 in Long Blades
  1352 | D:2      | Reached skill level 1 in Axes
  1352 | D:2      | Reached skill level 1 in Maces & Flails
  1352 | D:2      | Reached skill level 1 in Polearms
  1352 | D:2      | Reached skill level 1 in Staves
  1352 | D:2      | Reached skill level 1 in Ranged Weapons
  1352 | D:2      | Reached skill level 1 in Throwing
  1352 | D:2      | Reached skill level 1 in Armour
  1352 | D:2      | Reached skill level 1 in Shields
  1352 | D:2      | Reached skill level 1 in Unarmed Combat
  1352 | D:2      | Reached skill level 1 in Evocations
  1353 | D:2      | Reached XP level 4. HP: 28/28 MP: 2/11
  1565 | D:2      | Reached skill level 1 in Conjurations
  1565 | D:2      | Reached skill level 1 in Hexes
  1565 | D:2      | Reached skill level 1 in Necromancy
  1565 | D:2      | Reached skill level 1 in Translocations
  1565 | D:2      | Reached skill level 1 in Transmutations
  1565 | D:2      | Reached skill level 1 in Fire Magic
  1565 | D:2      | Reached skill level 1 in Ice Magic
  1565 | D:2      | Reached skill level 1 in Air Magic
  1565 | D:2      | Reached skill level 1 in Earth Magic
  1565 | D:2      | Reached skill level 1 in Poison Magic
  2141 | D:3      | Reached ** piety under Hepliaklqana
  2142 | D:3      | Remembered your ancestor Synnove as a battlemage
  2234 | D:3      | Reached XP level 5. HP: 33/33 MP: 5/12
  2338 | D:3      | Found a hazy altar of Hepliaklqana.
  2339 | D:3      | Found a radiant altar of Vehumet.
  2438 | D:3      | Found a transporter.
  2462 | D:3      | Noticed a black bear
  2470 | D:3      | Killed a black bear
  2476 | D:3      | Reached XP level 6. HP: 35/39 MP: 4/13
  2686 | D:3      | Found a glowing drain.
  2698 | Sewer    | Entered a sewer
  2751 | Sewer    | Reached skill level 5 in Dodging
  3084 | Sewer    | Reached XP level 7. HP: 45/45 MP: 13/15
  3420 | D:3      | Found a transporter.
  3474 | D:3      | Reached skill level 5 in Stealth
  3520 | D:3      | Noticed Dillmonsterx101's ghost (amateur MiFi)
  3690 | D:3      | Killed Dillmonsterx101's ghost
  3996 | D:4      | Reached *** piety under Hepliaklqana
  4047 | D:4      | Reached XP level 8. HP: 47/52 MP: 9/16
  4120 | D:4      | Found a staircase to the Ecumenical Temple.
  4160 | D:4      | Found a runed translucent gate.
  4161 | D:4      | Found a runed translucent gate.
  4164 | D:4      | Found a runed translucent gate.
  4164 | D:4      | Noticed sigtrap's ghost (novice GnHu)
  4660 | D:4      | Killed sigtrap's ghost
  4754 | Temple   | Entered the Ecumenical Temple
  5090 | D:5      | Entered Level 5 of the Dungeon
  5366 | D:5      | Noticed Pikel
  5395 | D:5      | Killed Pikel
  5396 | D:5      | Reached XP level 9. HP: 57/58 MP: 2/18
  5623 | D:5      | Reached **** piety under Hepliaklqana
  6249 | D:6      | Noticed a komodo dragon
  6261 | D:6      | Killed a komodo dragon
  6262 | D:6      | Reached skill level 5 in Invocations
  6739 | D:7      | Noticed a hornet
  6751 | D:7      | Killed a hornet
  6912 | D:7      | Noticed Prince Ribbit
  6932 | D:7      | Reached skill level 5 in Fighting
  6932 | D:7      | Reached skill level 5 in Short Blades
  6932 | D:7      | Reached skill level 5 in Long Blades
  6932 | D:7      | Reached skill level 5 in Axes
  6932 | D:7      | Reached skill level 5 in Maces & Flails
  6932 | D:7      | Reached skill level 5 in Polearms
  6932 | D:7      | Reached skill level 5 in Staves
  6932 | D:7      | Reached skill level 5 in Ranged Weapons
  6932 | D:7      | Reached skill level 5 in Throwing
  6932 | D:7      | Reached skill level 5 in Armour
  6932 | D:7      | Reached skill level 5 in Shields
  6932 | D:7      | Reached skill level 5 in Unarmed Combat
  6932 | D:7      | Reached skill level 5 in Evocations
  6932 | D:7      | Reached XP level 10. HP: 48/66 MP: 2/20
  6932 | D:7      | Killed Prince Ribbit
  7392 | D:7      | Found a shadowy altar of Dithmenos.
  7420 | D:7      | Found a sparkling altar of Nemelex Xobeh.
  7529 | D:7      | Reached ***** piety under Hepliaklqana
  7824 | D:8      | Found a staircase to the Lair.
  8313 | D:8      | Noticed Erica
  8313 | D:8      | Noticed Psyche
  8328 | D:8      | Killed Psyche
  8361 | D:8      | Found an iron altar of Okawaru.
  8460 | D:8      | Killed Erica
  8650 | D:9      | Noticed a kobold demonologist
  8652 | D:9      | Noticed a kobold demonologist
  8654 | D:9      | Noticed a kobold demonologist
  8658 | D:9      | Reached skill level 5 in Conjurations
  8658 | D:9      | Reached skill level 5 in Hexes
  8658 | D:9      | Reached skill level 5 in Necromancy
  8658 | D:9      | Reached skill level 5 in Translocations
  8658 | D:9      | Reached skill level 5 in Transmutations
  8658 | D:9      | Reached skill level 5 in Fire Magic
  8658 | D:9      | Reached skill level 5 in Ice Magic
  8658 | D:9      | Reached skill level 5 in Air Magic
  8658 | D:9      | Reached skill level 5 in Earth Magic
  8658 | D:9      | Reached skill level 5 in Poison Magic
  8712 | D:9      | Reached XP level 11. HP: 70/72 MP: 11/22
  8780 | D:9      | Noticed a sixfirhy
  9202 | D:9      | Found an opulent altar of Gozag.
  9791 | D:10     | Entered Level 10 of the Dungeon
  9791 | D:10     | Noticed Maurice
  9807 | D:10     | Learned a level 3 spell: Tukima's Dance
  9809 | D:10     | Killed Maurice
 10447 | D:10     | Found a burning altar of Makhleb.
 10447 | D:10     | Noticed a green death
 10551 | D:11     | Learned a level 4 spell: Summon Lightning Spire
 10624 | D:11     | Noticed a two-headed ogre
 10647 | D:11     | Killed a two-headed ogre
 10767 | D:11     | Noticed a cyclops
 10795 | D:11     | Killed a cyclops
 10883 | D:11     | Found Citzilinocw's General Store.
 10948 | D:11     | Found a staircase to the Orcish Mines.
 10989 | D:11     | Noticed a white ugly thing
 11266 | D:11     | Noticed a two-headed ogre
 11268 | D:11     | Killed a white ugly thing
 11300 | D:11     | Killed a two-headed ogre
 11729 | D:12     | Noticed a two-headed ogre
 11742 | D:12     | Killed a two-headed ogre
 11743 | D:12     | Reached XP level 12. HP: 81/81 MP: 21/24
 11781 | D:12     | Noticed Lodul
 11795 | D:12     | Killed Lodul
 11924 | D:12     | Noticed a seven-headed hydra
 11934 | D:12     | Killed a seven-headed hydra
 12126 | D:12     | Noticed a seven-headed hydra
 12134 | D:12     | Killed a seven-headed hydra
 12410 | D:12     | Reached ****** piety under Hepliaklqana
 13453 | D:13     | Noticed a yaktaur captain
 13530 | D:13     | Killed a yaktaur captain
 13647 | D:13     | Noticed a boulder beetle
 13743 | D:13     | Killed a boulder beetle
 13808 | D:13     | Found a gate to the Vaults.
 13912 | D:13     | Learned a level 3 spell: Portal Projectile
 14002 | D:13     | Noticed Erolcha
 14010 | D:13     | Killed Erolcha
 14180 | D:13     | Reached XP level 13. HP: 55/88 MP: 16/26
 14319 | D:13     | Reached skill level 10 in Summonings
 14356 | D:13     | Noticed a green death
 14356 | D:13     | Noticed a blizzard demon
 14404 | D:13     | Noticed a balrug
 14404 | D:13     | Noticed a cacodemon
 14406 | D:13     | Noticed a blizzard demon
 14412 | D:13     | Killed a blizzard demon
 14414 | D:13     | Gained mutation: Your body sometimes deteriorates upon
                  | taking damage. [a cacodemon]
 14423 | D:13     | HP: 2/89 [burnt (7)]
 14610 | Lair:1   | Entered Level 1 of the Lair of Beasts
 14632 | Lair:1   | HP: 1/89 [six-headed hydra (10)]
 14725 | Lair:1   | Reached skill level 10 in Spellcasting
 14987 | Lair:1   | Lost mutation: Your body sometimes deteriorates upon taking
                  | damage. [potion of mutation]
 14987 | Lair:1   | Gained mutation: You have a pair of small antennae on your
                  | head. [potion of mutation]
 14987 | Lair:1   | Gained mutation: You have supernaturally acute eyesight.
                  | (SInv) [potion of mutation]
 15107 | Lair:1   | Found a shimmering blue altar of Sif Muna.
 15637 | Lair:2   | Reached skill level 10 in Dodging
 15661 | Lair:2   | Found a staircase to the Snake Pit.
 15835 | Lair:2   | Found a staircase to the Shoals.
 16459 | Lair:3   | Reached skill level 10 in Stealth
 16586 | Lair:3   | Found a stormy altar of Qazlal.
 16626 | Lair:3   | Noticed Sonja
 16635 | Lair:3   | Reached XP level 14. HP: 91/97 MP: 13/28
 16636 | Lair:3   | Killed Sonja
 16637 | Lair:3   | Reached skill level 10 in Invocations
 16911 | Lair:3   | Noticed Amaemon
 16926 | Lair:3   | Killed Amaemon
 16979 | Lair:3   | Found a frozen archway.
 16988 | IceCv    | Entered an ice cave
 17003 | IceCv    | Found a transporter.
 17054 | IceCv    | Found a transporter.
 17311 | Lair:3   | Noticed Fannar
 17329 | Lair:3   | Killed Fannar
 18416 | Lair:4   | Found a staircase to the Slime Pits.
 18727 | Lair:4   | Learned a level 2 spell: Blink
 18733 | Lair:4   | Learned a level 5 spell: Manifold Assault
 19137 | Lair:5   | Entered Level 5 of the Lair of Beasts
 19606 | Lair:5   | Reached skill level 10 in Fighting
 19606 | Lair:5   | Reached skill level 10 in Short Blades
 19606 | Lair:5   | Reached skill level 10 in Long Blades
 19606 | Lair:5   | Reached skill level 10 in Axes
 19606 | Lair:5   | Reached skill level 10 in Maces & Flails
 19606 | Lair:5   | Reached skill level 10 in Polearms
 19606 | Lair:5   | Reached skill level 10 in Staves
 19606 | Lair:5   | Reached skill level 10 in Ranged Weapons
 19606 | Lair:5   | Reached skill level 10 in Throwing
 19606 | Lair:5   | Reached skill level 10 in Armour
 19606 | Lair:5   | Reached skill level 10 in Shields
 19606 | Lair:5   | Reached skill level 10 in Unarmed Combat
 19606 | Lair:5   | Reached skill level 10 in Evocations
 19776 | Lair:5   | Reached XP level 15. HP: 103/103 MP: 25/30
 19784 | Lair:5   | Found the ring of the Octopus King
 19808 | Lair:5   | Identified a ring of the Octopus King {rC+ HP+2 AC+2 EV+2
                  | SH+2}
 20419 | Lair:5   | Learned a level 6 spell: Simulacrum
 20582 | Orc:1    | Entered Level 1 of the Orcish Mines
 20753 | Orc:2    | Entered Level 2 of the Orcish Mines
 20753 | Orc:2    | Noticed an orc warlord
 20753 | Orc:2    | Found Noazxisa's Antique Weapon Boutique.
 20764 | Orc:2    | Paralysed by an orc sorcerer for 5 turns
 20769 | Orc:2    | Slain by a sixfirhy

Illustrated notes

Levels and vault maps discovered:
D:1:      heliophobic_arrival_dark_side_of_the_moon, layout_rooms,
          shapermc_ecumenical_altar_mp_highgroup, minmay_liquid_box,
          hangedman_abyss_or_decor_lesser_grid
D:2:      minmay_wonky_spiral, layout_loops_ring
D:3:      layout_basic, nicolae_overflow_squiral, gammafunk_ghost_mausoleum,
          portal_sewer_entry_f
D:4:      kennysheep_spiral_hall, layout_basic, minmay_temple_entry_trees,
          gammafunk_ghost_split
D:5:      layout_loops_cross, uniq_pikel
D:6:      layout_rooms, minmay_misc_feat_x
D:7:      layout_loops_ring, mainiacjoe_overflow_two_lobes, uniq_prince_ribbit1
D:8:      layout_basic, kennysheep_okawaru_gauntlet, minmay_lair_entry_grove,
          uniq_erica, uniq_psyche
D:9:      layout_cave_pools, grunt_gozag_breadcrumbs
D:10:     layout_basic, grunt_temple_overflow_forces_of_nature,
          makhleb_altar_promises_db, uniq_maurice
D:11:     layout_basic, david_orc_3, serial_shops, shop, minmay_misc_feat_tower,
          nrook_uturn, serial_bayou_lagoon_a
D:12:     layout_layer_cave, amcnicky_mini_corridor_feature, uniq_lodul
D:13:     evilmike_makhleb_hellhole, layout_basic, david_vaults_2,
          kennysheep_potato, uniq_erolcha
Temple:   nicolae_temple_figure_eight
Lair:1:   layout_loops_ring, basic_altar, grunt_megastairs_2
Lair:2:   layout_regular_city, minmay_shoals_entry_centaurs,
          guppyfry_snake_entry_garden, infiniplex_staircase_pool,
          serial_bayou_shore_b
Lair:3:   layout_small_grid, portal_ice_cave_entry_ice_simulacra, basic_altar,
          uniq_sonja, uniq_amaemon, uniq_fannar
Lair:4:   layout_cave_pods, slime_entry_1, serial_bayou_shore_b,
          grunt_megastairs_5
Lair:5:   gammafunk_lair_ancient_temple, layout_long_grid,
          chequers_serial_rivers_micro_b, st_stairs_7
Orc:1:    layout_caves, hangedman_feature_mirror
Orc:2:    grunt_orc_gardens, layout_caves, grunt_orc_garden, grunt_orc_garden,
          grunt_orc_garden, grunt_orc_garden, serial_shops, statue_bzr,
          basic_altar, nicolae_orc_lava_room, uniq_jorgrun

Skill      XL: |  1  2  3  4  5  6  7  8  9 10 11 12 13 14 15 |
---------------+----------------------------------------------+-----
Spellcasting   | 5 6 7 8 9 10 11 | 11.4
Invocations    | 1 2 3 4 5 6 7 8 9 10 11 | 11.2
Fighting       | 1 2 3 4 5 6 7 8 9 10 | 10.3
Short Blades   | 1 2 3 4 5 6 7 8 9 10 | 10.3
Long Blades    | 1 2 3 4 5 6 7 8 9 10 | 10.3
Axes           | 1 2 3 4 5 6 7 8 9 10 | 10.3
Maces & Flails | 1 2 3 4 5 6 7 8 9 10 | 10.3
Polearms       | 1 2 3 4 5 6 7 8 9 10 | 10.3
Staves         | 1 2 3 4 5 6 7 8 9 10 | 10.3
Ranged Weapons | 1 2 3 4 5 6 7 8 9 10 | 10.3
Throwing       | 1 2 3 4 5 6 7 8 9 10 | 10.3
Armour         | 1 2 3 4 5 6 7 8 9 10 | 10.3
Shields        | 1 2 3 4 5 6 7 8 9 10 | 10.3
Unarmed Combat | 1 2 3 4 5 6 7 8 9 10 | 10.3
Evocations     | 1 2 3 4 5 6 7 8 9 10 | 10.3
Conjurations   | 1 2 3 4 5 6 7 8 |  8.6
Hexes          | 1 2 3 4 5 6 7 8 |  8.6
Necromancy     | 1 2 3 4 5 6 7 8 |  8.6
Translocations | 1 2 3 4 5 6 7 8 |  8.6
Transmutations | 1 2 3 4 5 6 7 8 |  8.6
Fire Magic     | 1 2 3 4 5 6 7 8 |  8.6
Ice Magic      | 1 2 3 4 5 6 7 8 |  8.6
Air Magic      | 1 2 3 4 5 6 7 8 |  8.6
Earth Magic    | 1 2 3 4 5 6 7 8 |  8.6
Poison Magic   | 1 2 3 4 5 6 7 8 |  8.6
Dodging        | 5 6 7 8 9 10 11 | 11.2
Stealth        | 5 6 7 8 9 10 11 | 11.1
Summonings     | 8 9 10 11 | 11.2

Action                   |  1- 3 |  4- 6 |  7- 9 | 10-12 | 13-15 || total
-------------------------+-------+-------+-------+-------+-------++-------
Melee: Unarmed           |     4 |       |       |       |       ||     4
       Short sword       |    39 |    36 |   100 |   160 |   162 ||   497
       Bite              |     3 |     7 |    14 |    18 |    15 ||    57
       Punch             |       |     1 |     4 |     3 |     3 ||    11
       Whip              |       |    26 |    17 |       |       ||    43
       Dagger            |       |       |    15 |       |       ||    15
 Fire: Arbalest          |       |       |       |     9 |   227 ||   236
       Shortbow          |       |       |       |       |     1 ||     1
 Cast: Summon Small Mamm |    30 |    18 |    49 |    23 |       ||   120
       Call Imp          |     4 |     7 |    30 |    55 |    46 ||   142
       Call Canine Famil |     1 |     6 |    27 |    52 |    61 ||   147
       Summon Guardian G |       |       |    11 |    41 |    68 ||   120
       Summon Lightning  |       |       |       |    36 |    86 ||   122
       Portal Projectile |       |       |       |     3 |    35 ||    38
       Tukima's Dance    |       |       |       |     2 |     9 ||    11
       Manifold Assault  |       |       |       |       |    30 ||    30
       Blink             |       |       |       |       |     2 ||     2
       Simulacrum        |       |       |       |       |     1 ||     1
Invok: Ancestor Life: Ba |       |     1 |       |       |       ||     1
       Recall Ancestor   |       |       |       |     3 |     3 ||     6
       Transference      |       |       |       |     2 |     3 ||     5
  Use: Scroll            |       |       |    14 |    11 |     6 ||    31
       Potion            |       |       |     2 |       |     7 ||     9
 Stab: Sleeping          |       |     1 |     1 |     2 |       ||     4
       Distracted        |       |       |     2 |     3 |     6 ||    11
Armor: Robe              |    11 |       |       |       |       ||    11
       Ring mail         |       |    25 |    53 |    73 |       ||   151
       Troll leather arm |       |       |       |     2 |   138 ||   140
Dodge: Dodged            |    48 |    45 |    87 |    95 |   297 ||   572
Block: Other             |       |       |     2 |    16 |       ||    18
       Reflection        |       |       |     1 |       |       ||     1
       Buckler           |       |       |       |    18 |    34 ||    52
